 Dungeon Crawl Stone Soup version 0.28.0-1-gb440e238dd (webtiles) character file.

Game seed: 6335971958653721380

1324 zeram the Covert (level 8, -2/32 HPs)
             Began as a Spriggan Enchanter on Feb 24, 2022.
             Slain by a yak (14 damage)
             ... on level 5 of the Dungeon.
             The game lasted 00:08:10 (5401 turns).

zeram the Covert (Spriggan Enchanter)               Turns: 5401, Time: 00:08:11

Health: -2/32      AC:  2    Str:  4    XL:     8   Next: 33%
Magic:  10/16      EV: 19    Int: 13    God:
Gold:   192        SH:  0    Dex: 16    Spells: 12/17 levels left

rFire   . . .      SeeInvis +   a - +1 dagger (flame)
rCold   . . .      Faith    .   (no shield)
rNeg    . . .      Spirit   .   b - +0 robe
rPois   .          Reflect  .   (helmet restricted)
rElec   +          Harm     .   (no cloak)
rCorr   +          Rampage  .   (gloves unavailable)
Will    ++...                   (boots unavailable)
Stlth   ++++++....              (no amulet)
HPRegen 0.10/turn               l - ring of the Raven {rElec Will+ rCorr Int-5 Stlth+}
MPRegen 0.15/turn               h - ring of wizardry

@: very quick
A: very small, no large weapons, unfitting armour, see invisible, speed 3, frail
1, mutation resistance 1
a: no special abilities


You were on level 5 of the Dungeon.
You visited 1 branch of the dungeon, and saw 5 of its levels.

You collected 192 gold pieces.

Inventory:

Hand Weapons
 a - a +1 dagger of flaming (weapon)
Missiles
 c - 2 boomerangs (quivered)
Armour
 b - a +0 robe (worn)
Jewellery
 d - a +6 ring of strength
 h - a ring of wizardry (right hand)
 l - the ring of the Raven (left hand) {rElec Will+ rCorr Int-5 Stlth+}
   (You took it off an orc on level 4 of the Dungeon)

   [ring of resist corrosion]

   Int:       It affects your intelligence (-5).
   rElec:     It insulates you from electricity.
   rCorr:     It protects you from acid and corrosion.
   Will:      It increases your willpower.
   Stlth:     It makes you more stealthy.
Wands
 g - a wand of polymorph (8)
 i - a wand of mindburst (15)
 n - a wand of digging (7)
Potions
 e - 4 potions of brilliance
 f - 2 potions of degeneration
 j - a potion of heal wounds {unknown}
 k - a potion of flight {unknown}
 o - 2 potions of curing


   Skills:
 - Level 0.1 Fighting
 + Level 5.3 Short Blades
 + Level 4.4 Dodging
 + Level 11.3 Stealth
 + Level 5.0 Spellcasting
 + Level 5.7 Hexes


You had 12 spell levels left.
You knew the following spells:

 Your Spells              Type           Power      Damage    Failure   Level
a - Ensorcelled Hibernat  Hex/Ice        20%        N/A       3%          2
b - Tukima's Dance        Hex            18%        N/A       2%          3

Your spell library contained the following spells:

 Spells                   Type           Power      Damage    Failure   Level
 Confusing Touch          Hex            18%        N/A       2%          3
 Dazzling Flash           Conj/Hex       20%        N/A       7%          3
 Ozocubu's Armour         Ice            3%         N/A       22%         3
 Ozocubu's Refrigeration  Ice            1%         4d5       100%        7


Dungeon Overview and Level Annotations

Branches:
Dungeon (5/15)
 Temple: D:4-7

Altars:

Annotations:
D:4 Acetwo5's ghost, novice DEFE


Innate Abilities, Weirdness & Mutations

You are very small and have problems with some larger weapons.
You are too small for most types of armour.
You have supernaturally acute eyesight. (SInv)
You cover ground extremely quickly. (Speed+++)
You are frail. (-10% HP)
You are somewhat resistant to further mutation.


Message History

Press: ? - help, Shift-Dir - straight line, f/p - yak
Aim: a yak (chance to affect: 44%)
The yak looks drowsy...
The helpless yak fails to defend itself.
You perforate the yak like a sieve!!! You burn the yak!!
You kill the yak!
Your Stealth skill increases to level 11!
Your Spellcasting skill increases to level 5!
Your magical contamination has completely faded away.
There is a stone staircase leading down here.
You start resting.
Magic restored.
You climb downwards.
The water moccasin zombie closely misses you. x2
The yak misses you.
There is a stone staircase leading up, spattered with blood here.
Casting: Ensorcelled Hibernation (safe; 3% risk of failure)
Confirm with . or Enter, or press ? or * to list all spells.
Aiming: Ensorcelled Hibernation (safe; 3% risk of failure)
Press: ? - help, Shift-Dir - straight line, f - yak
Aim: a yak (chance to affect: 44%)
The yak resists with some effort.
The water moccasin zombie bites you but does no damage.
The yak gores you!
Casting: Ensorcelled Hibernation (safe; 3% risk of failure)
Confirm with . or Enter, or press ? or * to list all spells.
Aiming: Ensorcelled Hibernation (safe; 3% risk of failure)
Press: ? - help, Shift-Dir - straight line, f/p - yak
Aim: a yak (chance to affect: 44%)
The yak resists with some effort.
The water moccasin zombie bites you but does no damage.
The water moccasin zombie misses you. The yak gores you!
Casting: Ensorcelled Hibernation (safe; 3% risk of failure)
Confirm with . or Enter, or press ? or * to list all spells.
Aiming: Ensorcelled Hibernation (safe; 3% risk of failure)
Press: ? - help, Shift-Dir - straight line, f/p - yak
Aim: a yak (chance to affect: 44%)
The yak resists with some effort.
The water moccasin zombie misses you. The yak gores you!
You die...

#.##....# Y##
##.......# ...#
#......(.###.#.##
.#..#.....#......#
....#..........#.#
#.........#.......
..#[.......:.....
..####....Y.......
..........@.......
...#####.Z........
# ##...#.......
#...##....... #
#.#.# .......
#.##.#.#########
###.#.......#
#...........#
#...........#####


You could see a yak and a water moccasin zombie.

Vanquished Creatures
  5 yaks (D:4)
  A black bear (D:5)
  An ogre (D:4)
  A bullfrog (D:4)
  3 hounds
  Jessica (D:2)
  2 iguanas
  Ijyb (D:4)
  A hound skeleton (D:4)
  A gnoll (D:4)
  13 adders
  An adder skeleton (D:4)
  A worm (D:3)
  An orc (D:4)
  2 endoplasms (D:2)
  A giant cockroach (D:4)
  4 hobgoblins
  3 jackals (D:3)
  3 kobolds
  2 quokkas
  6 ball pythons
  2 bats (D:2)
  3 frilled lizards
  A quokka skeleton (D:4)
  4 rats
64 creatures vanquished.

Notes
Turn   | Place    | Note
-------+----------+-------------------------------------------
     0 | D:1      | zeram the Spriggan Enchanter began the quest for the Orb.
     0 | D:1      | Reached XP level 1. HP: 9/9 MP: 5/5
    21 | D:1      | You fall into a shaft and drop 1 floor!
   232 | D:2      | Reached XP level 2. HP: 3/13 MP: 6/6
   533 | D:2      | Reached skill level 5 in Stealth
   820 | D:2      | Found a faded altar of an unknown god.
   837 | D:2      | Reached XP level 3. HP: 4/16 MP: 8/8
  1354 | D:2      | Noticed Jessica
  1358 | D:2      | Killed Jessica
  1513 | D:2      | Reached XP level 4. HP: 9/21 MP: 9/9
  1555 | D:2      | Learned a level 2 spell: Ensorcelled Hibernation
  1559 | D:2      | Learned a level 3 spell: Tukima's Dance
  2179 | D:3      | Reached XP level 5. HP: 24/24 MP: 10/10
  2229 | D:3      | Reached skill level 6 in Stealth
  2973 | D:4      | Found a runed translucent door.
  2974 | D:4      | Noticed Acetwo5's ghost (novice DEFE)
  3285 | D:4      | Reached skill level 7 in Stealth
  3285 | D:4      | Reached XP level 6. HP: 28/28 MP: 7/12
  3498 | D:4      | Identified the ring of the Raven {rElec Will+ rCorr Int-5
                  | Stlth+}
  4417 | D:4      | Gained mutation: You are frail. (-10% HP) [potion of
                  | mutation]
  4417 | D:4      | Gained mutation: You are somewhat resistant to further
                  | mutation. [potion of mutation]
  4516 | D:5      | Entered Level 5 of the Dungeon
  4519 | D:5      | Reached skill level 8 in Stealth
  4519 | D:5      | Reached skill level 5 in Hexes
  4550 | D:5      | Noticed a yak
  4551 | D:5      | Noticed a yak
  4551 | D:5      | Noticed a yak
  4552 | D:5      | Noticed Ijyb
  4561 | D:5      | Noticed a yak
  4572 | D:4      | Reached XP level 7. HP: 28/28 MP: 9/14
  4623 | D:4      | Killed a yak
  4624 | D:4      | Reached skill level 9 in Stealth
  4632 | D:4      | Killed a yak
  4924 | D:5      | Noticed a yak
  4924 | D:5      | Noticed a yak
  5138 | D:4      | Killed a yak
  5139 | D:4      | Reached skill level 10 in Stealth
  5139 | D:4      | Reached XP level 8. HP: 32/32 MP: 12/16
  5191 | D:4      | Killed Ijyb
  5192 | D:4      | Reached skill level 5 in Short Blades
  5345 | D:4      | Reached skill level 11 in Stealth
  5345 | D:4      | Reached skill level 5 in Spellcasting
  5401 | D:5      | Slain by a yak

Illustrated notes

Levels and vault maps discovered:
D:1:      dpeg_arrival_yet_another_circle, layout_rooms, roderic_three_in_a_row
D:2:      layout_loops_ring, shapermc_ecumenical_altar_mp_highgroup,
          uniq_jessica
D:3:      layout_basic
D:4:      layout_basic, ebering_ghost_sewer_d, grunt_decor_cap,
          minmay_quadrilaterals
D:5:      layout_rooms, serial_shops, nicolae_diamond_shop, uniq_blork_the_orc,
          uniq_ijyb

Skill      XL: |  1  2  3  4  5  6  7  8 |
---------------+-------------------------+-----
Hexes          | 4 5 |  5.7
Stealth        | 5 7 8 10 11 | 11.3
Dodging        | 3 4 |  4.4
Spellcasting   | 3 4 5 |  5.0
Short Blades   | 2 3 4 5 |  5.3
Fighting       | |  0.1

Action                   |  1- 3 |  4- 6 |  7- 9 || total
-------------------------+-------+-------+-------++-------
Melee: Dagger            |    87 |    96 |     6 ||   189
       Punch             |     3 |     1 |       ||     4
Throw: Boomerang         |       |       |     1 ||     1
 Cast: Ensorcelled Hiber |       |    25 |    12 ||    37
  Use: Potion            |     1 |     1 |       ||     2
       Scroll            |       |     3 |     3 ||     6
 Stab: Sleeping          |     4 |    32 |     6 ||    42
       Invisible         |     1 |       |       ||     1
Armor: Robe              |     9 |     9 |     3 ||    21
Dodge: Dodged            |    69 |    56 |    25 ||   150
